 Dungeon Sprint DCSS version 0.23-a0-4-g8f018a2 (webtiles) character file.

1605 Kidiri the Thaumaturge (level 8, -4/48 HPs)
             Began as a Deep Elf Fire Elementalist on July 31, 2018.
             Was a High Priest of Vehumet.
             Killed from afar by a wolf (27 damage)
             ... with an exploding inner flame
             ... led by Grum
             ... hexed by the player character
             ... in the Dungeon (Sprint VII: "The Pits").
             The game lasted 00:08:45 (1621 turns).

Kidiri the Thaumaturge (Deep Elf Fire Elementalist) Turns: 1621, Time: 00:08:46

Health: -4/48      AC:  3    Str:  5    XL:     8   Next: 63%
Magic:  5/27       EV: 16    Int: 23    God:    Vehumet [*****.]
Gold:   0          SH:  4    Dex: 15    Spells: 9/34 levels left

rFire    . . .     SeeInvis .   p - +1 dagger (elec)
rCold    . . .     Gourm    .   m - +0 buckler
rNeg     . . .     Faith    .   a - +0 robe
rPois    .         Spirit   .   (no helmet)
rElec    .         Reflect  .   (no cloak)
rCorr    .         Harm     .   s - +0 pair of gloves
MR       .....     NoTele   +   (no boots)
Stlth    ++........             (no amulet)
HPRegen  0.16/turn              (no ring)
MPRegen  0.20/turn              (no ring)

@: lethally poisoned (-4 -> -13)
A: no striking features
a: Renounce Religion


You were in the Dungeon.
You worshipped Vehumet.
Vehumet was extremely pleased with you.
You were not hungry.

You visited 1 branch

Inventory:

Hand Weapons
 p - a +1 dagger of electrocution (weapon)
Armour
 a - a +0 robe (worn)
 m - a +0 buckler (worn)
 s - a +0 pair of gloves (worn)
Jewellery
 n - a +3 ring of strength
 o - a +3 ring of intelligence
Scrolls
 j - 3 scrolls of remove curse
 k - 5 scrolls of amnesia
 l - a scroll of summoning
Potions
 b - 2 potions of invisibility
 d - 11 potions of curing
 e - 8 potions of heal wounds
 f - a potion of haste
 g - 4 potions of magic
 h - 3 potions of berserk rage
 q - a potion of brilliance
 r - 2 potions of mutation
Comestibles
 c - 9 rations


   Skills:
 + Level 4.2 Fighting
 + Level 5.1 Short Blades
 + Level 4.2 Armour
 + Level 6.8 Dodging
 - Level 2.4 Stealth
 + Level 1.8 Shields
 * Level 13.5 Spellcasting
 + Level 8.2 Conjurations
 + Level 8.9 Fire Magic
 + Level 5.6 Ice Magic
 + Level 2.9 Earth Magic


You had 9 spell levels left.
You knew the following spells:

 Your Spells              Type           Power        Failure   Level  Hunger
a - Flame Tongue          Conj/Fire      #####        1%          1    None
b - Throw Flame           Conj/Fire      ######       1%          2    None
c - Conjure Flame         Conj/Fire      ######..     1%          3    None
d - Inner Flame           Hex/Fire       #####...     1%          3    None
e - Sticky Flame          Conj/Fire      ######..     1%          4    None
f - Fireball              Conj/Fire      ######....   1%          5    ###....
g - Throw Frost           Conj/Ice       #####.       1%          2    None
h - Stone Arrow           Conj/Erth      #####.       1%          3    None
i - Searing Ray           Conj           ######       1%          2    None

Your spell library contained the following spells:

 Spells                   Type           Power        Failure   Level  Hunger


Dungeon Overview and Level Annotations

Branches:
Dungeon (1/1)

Altars:
Ashenzari
Cheibriados
Dithmenos
Elyvilon
Fedhas
Gozag
Hepliaklqana
Kikubaaqudgha
Makhleb
Nemelex Xobeh
Okawaru
Qazlal
Ru
Sif Muna
Trog
Uskayaw
Vehumet
Wu Jian
Xom
Yredelemnul
Zin
The Shining One
Beogh
Jiyva
Lugonu

Annotations:
D exclusion: 4 doors


Message History

Confirm with . or Enter, or press ? or * to list all spells.
Aiming: Flame Tongue (safe; 1% risk of failure)
Press: ? - help, Shift-Dir - straight line, f/p - wolf
Aim: a wolf (severely wounded, inner flame)
The flame tongue hits the wolf.
The wolf is almost dead.
You feel sick. You block Grum's attack.
Casting: Flame Tongue (safe; 1% risk of failure)
Confirm with . or Enter, or press ? or * to list all spells.
Aiming: Sticky Flame (safe; 1% risk of failure)
Press: ? - help, Shift-Dir - straight line, f/p - wolf
Aim: a wolf (almost dead, inner flame)
The sticky flame hits the wolf.
The wolf explodes!
The fiery explosion engulfs Grum.
You kill Grum!
Vehumet accepts your kill.
You feel your power returning. The fiery explosion engulfs you!
Ouch! That really hurt!
You die...

___.#
_...###########++######
###+##................#
))+.##......#..#......#
###.##.......(........+
.....+........(.......+
+#####......#..#......#
..+.##.........(......#
.÷#.#####+#####§@######
###÷##.......##''#####
..#.##.......##§§§...#
..+.##.......##...)###
######...<...##..(##
))).##.......##..##
))).##.......##..#
######.......##..#
.#..###########..+


There were no monsters in sight!

Vanquished Creatures
  A cyclops (D)
  A wandering mushroom (D)
  A flying skull (D)
  Grum (D)
  A water moccasin (D)
  A floating eye (D)
  A swamp drake (D)
  2 wolves (D)
  A gnoll sergeant (D)
  A scorpion (D)
  A quasit (D)
  An orc priest (D)
  An iron imp (D)
  2 orc wizards (D)
  An adder (D)
  A gnoll (D)
  An ufetubus (D)
  An adder zombie (D)
  An adder skeleton (D)
  A worm (D)
  4 orcs (D)
  A ball python (D)
  A goblin (D)
  2 jackals (D)
  2 kobolds (D)
  A rat (D)
33 creatures vanquished.

Vanquished Creatures (others)
  An orc (D)
1 creature vanquished.

Grand Total: 34 creatures vanquished

Notes
Turn   | Place    | Note
-------+----------+-------------------------------------------
     0 | D        | Kidiri the Deep Elf Fire Elementalist began the quest for the Orb.
     0 | D        | Reached XP level 1. HP: 10/10 MP: 6/6
    27 | D        | Reached skill level 4 in Spellcasting
    27 | D        | Reached XP level 2. HP: 15/15 MP: 1/9
    31 | D        | Learned a level 2 spell: Throw Flame
    63 | D        | Found a bloodstained altar of Trog.
    63 | D        | Found a deep blue altar of Sif Muna.
    63 | D        | Found a viscous altar of Jiyva.
    63 | D        | Found a hazy altar of Hepliaklqana.
    63 | D        | Found an opulent altar of Gozag.
    64 | D        | Found a glowing golden altar of the Shining One.
    64 | D        | Found a glowing silver altar of Zin.
    64 | D        | Found a basalt altar of Yredelemnul.
    64 | D        | Found a shimmering altar of Xom.
    64 | D        | Found an ornate altar of the Wu Jian Council.
    64 | D        | Found a sacrificial altar of Ru.
    64 | D        | Found a stormy altar of Qazlal.
    64 | D        | Found an iron altar of Okawaru.
    64 | D        | Found a sparkling altar of Nemelex Xobeh.
    64 | D        | Found a burning altar of Makhleb.
    64 | D        | Found a blossoming altar of Fedhas.
    64 | D        | Found a white marble altar of Elyvilon.
    64 | D        | Found a shadowy altar of Dithmenos.
    64 | D        | Found a snail-covered altar of Cheibriados.
    67 | D        | Found a radiant altar of Vehumet.
    67 | D        | Found a corrupted altar of Lugonu.
    67 | D        | Found a roughly hewn altar of Beogh.
    68 | D        | Found a hide-covered altar of Uskayaw.
    68 | D        | Found an ancient bone altar of Kikubaaqudgha.
    68 | D        | Found a shattered altar of Ashenzari.
    75 | D        | Became a worshipper of Vehumet
   102 | D        | Reached skill level 5 in Spellcasting
   157 | D        | Noticed a floating eye
   160 | D        | Reached * piety under Vehumet
   160 | D        | Offered knowledge of Freeze by Vehumet.
   160 | D        | Reached skill level 6 in Spellcasting
   162 | D        | Killed a floating eye
   162 | D        | Reached skill level 9 in Spellcasting
   162 | D        | Reached skill level 5 in Conjurations
   162 | D        | Reached XP level 3. HP: 19/19 MP: 4/15
   162 | D        | Reached XP level 4. HP: 24/24 MP: 4/17
   167 | D        | Learned a level 3 spell: Conjure Flame
   171 | D        | Learned a level 3 spell: Inner Flame
   176 | D        | Learned a level 4 spell: Sticky Flame
   251 | D        | Reached ** piety under Vehumet
   286 | D        | Reached skill level 10 in Spellcasting
   286 | D        | Reached XP level 5. HP: 17/28 MP: 8/19
   306 | D        | Reached *** piety under Vehumet
   319 | D        | Learned a level 5 spell: Fireball
   459 | D        | Offered knowledge of Throw Frost by Vehumet.
   467 | D        | Learned a level 2 spell: Throw Frost
   470 | D        | Noticed a flying skull
   733 | D        | Offered knowledge of Searing Ray by Vehumet.
   733 | D        | Reached skill level 1 in Fighting
   733 | D        | Reached skill level 1 in Short Blades
   733 | D        | Reached skill level 1 in Armour
   733 | D        | Reached skill level 1 in Ice Magic
   738 | D        | Learned a level 2 spell: Searing Ray
   805 | D        | Killed a flying skull
   805 | D        | Offered knowledge of Force Lance by Vehumet.
   805 | D        | Reached **** piety under Vehumet
   805 | D        | Reached skill level 11 in Spellcasting
   805 | D        | Reached XP level 6. HP: 35/35 MP: 11/22
   868 | D        | Noticed a water moccasin
   874 | D        | Killed a water moccasin
  1089 | D        | Offered knowledge of Stone Arrow by Vehumet.
  1089 | D        | Reached skill level 5 in Dodging
  1089 | D        | Reached XP level 7. HP: 40/40 MP: 12/24
  1148 | D        | Noticed a wandering mushroom
  1159 | D        | Killed a wandering mushroom
  1159 | D        | Reached skill level 12 in Spellcasting
  1206 | D        | Learned a level 3 spell: Stone Arrow
  1211 | D        | Reached ***** piety under Vehumet
  1212 | D        | Offered knowledge of Bolt of Draining by Vehumet.
  1354 | D        | Reached skill level 1 in Earth Magic
  1585 | D        | Noticed a cyclops
  1588 | D        | Offered knowledge of Airstrike by Vehumet.
  1588 | D        | Killed a cyclops
  1588 | D        | Reached skill level 1 in Shields
  1588 | D        | Reached skill level 13 in Spellcasting
  1588 | D        | Reached skill level 5 in Ice Magic
  1588 | D        | Reached XP level 8. HP: 46/48 MP: 27/27
  1608 | D        | Reached skill level 5 in Short Blades
  1611 | D        | Noticed Grum
  1621 | D        | Killed Grum
  1621 | D        | Killed from afar by a wolf

Vault maps used:
D:        pitsprint

Skill      XL: |  1  2  3  4  5  6  7  8 |
---------------+-------------------------+-----
Spellcasting   | 4 9 10 11 13 | 13.5
Conjurations   | 2 5 6 7 8 |  8.2
Fire Magic     | 4 6 7 8 |  8.9
Fighting       | 2 4 |  4.2
Short Blades   | 2 3 4 5 |  5.1
Armour         | 2 4 |  4.2
Dodging        | 4 5 6 |  6.8
Ice Magic      | 2 3 5 |  5.6
Earth Magic    | 2 |  2.9
Shields        | 1 |  1.8
Stealth        | |  2.4

Action                   |  1- 3 |  4- 6 |  7- 9 || total
-------------------------+-------+-------+-------++-------
 Cast: Flame Tongue      |    13 |    26 |    34 ||    73
       Throw Flame       |       |     7 |       ||     7
       Sticky Flame      |       |     4 |     3 ||     7
       Conjure Flame     |       |     3 |     3 ||     6
       Inner Flame       |       |     2 |     3 ||     5
       Searing Ray       |       |     1 |     1 ||     2
  Use: Scroll            |       |     1 |       ||     1
  Eat: Chunk             |       |       |     2 ||     2
Armor: Robe              |     2 |       |     1 ||     3
Dodge: Dodged            |     3 |     7 |    12 ||    22
Block: Buckler           |       |       |     2 ||     2

Table legend:
 A = Spawn XP
 B = Non-spawn XP
 C = Spawn XP percentage of total XP
 D = Spawn monster count
 E = Non-spawn monster count
 F = Spawn count percentage of total count
 G = Total turns spent on level
                    A         B        C        D         E        F      G
               +---------+---------+-------+---------+---------+-------+---------
         Total |       0 |    2294 |   0.0 |       0 |      33 |   0.0 |  1621
               +---------+---------+-------+---------+---------+-------+---------
             D |       0 |    2294 |   0.0 |       0 |      33 |   0.0 |  1621
               +---------+---------+-------+---------+---------+-------+---------
